 Dungeon Crawl Stone Soup version 0.01-2115-ge649c80b0b (webtiles) character file.

Game seed: 8670893555428803821, levelgen mode: deterministic

1221 Lanoc the Chopper (level 8, -2/69 HPs) Hill Orc Demonspawn. Began on June 11, 2020. Slain by an orc warrior ... wielding a +0 glaive (13 damage) ... on level 4 of the Dungeon. The game lasted 00:05:44 (1765 turns).

Lanoc the Chopper (Hill Orc Demonspawn)             Turns: 1765, Time: 00:05:45

Health: -2/69      AC: 10    Str: 17    XL:     8 ^: 608
Magic:  10/10      EV: 13    Int: 12    God:
Gold:   91         SH:  0    Dex: 12    Spells: 9/10 levels left

rFire    . . .     Vision   .   a - +0 war axe
rCold    . . .     Gourm    .   c - +3 whip (elec)
rNeg     . . .     Faith    .   b - +0 leather armour
rPois    .         Spirit   .   (helmet restricted)
rElec    .         Reflect  .   (no cloak)
rCorr    .         Harm     .   (no gloves)
MR       .....                  (no boots)
Stlth    +.........             (no amulet)
HPRegen  0.33/turn              h - ring of protection
MPRegen  0.20/turn              (no ring)

@: no status effects
A: horns 1, thin metallic scales 1, spiny 1
a: no special abilities


You were on level 4 of the Dungeon.
You were hungry.

You visited 2 branches of the dungeon, and saw 5 of its levels.

You collected 91 gold pieces.

Inventory:

Weapons
 a - a +0 war axe (weapon)
 c - a +3 whip of electrocution (weapon)
Armour
 b - a +0 leather armour (worn)
Jewellery
 h - a ring of protection (left hand)
Scrolls
 e - 2 scrolls of amnesia
 f - 2 scrolls of teleportation
 g - a scroll of enchantment
Potions
 i - a potion of ambrosia
Comestibles
 d - 3 rations


   Skills:
 + Level 5.4 Fighting
 * Level 7.9 Axes & Hammers
 + Level 4.1 Armour
 + Level 4.1 Dodging
 - Level 1.5 Stealth
 - Level 1.5 Spellcasting
   Level 3.6 Invocations


You had 9 spell levels left.
You knew the following spells:

 Your Spells              Type           Power        Failure   Level  Hunger
a - Flame Tongue          Fire           0 (40)       30%         1    ##.....

Your spell library contained the following spells:

 Spells                   Type           Power        Failure   Level  Hunger
 Blink                    Tloc           N/A          43%         2    ###....
 Call Imp                 Summ           0 (100)      43%         2    ###....
 Slow                     Hex            0 (100)      43%         2    ###....
 Conjure Flame            Fire           0 (100)      67%         3    ####...
 Mephitic Cloud           Pois/Air       0 (100)      67%         3    ####...


Dungeon Overview and Level Annotations

Branches:
Dungeon (4/8)              Temple (1/1) D:4

Altars:
Ashenzari
Dithmenos
Gozag
Hepliaklqana
Makhleb
Trog
Wu Jian
Xom
Yredelemnul
Zin


Innate Abilities, Weirdness & Mutations

You have a pair of small horns on your head.
You are partially covered in thin metallic scales. (AC +2)
You are partially covered in sharp spines.


Message History

Lightning courses through the orc warrior (4).
You headbutt the orc warrior, but do no damage.
The orc warrior is heavily wounded. (16/28) HP The orc warrior hits you with a +0 glaive (17)!
You hit the orc warrior but do no damage.
The orc warrior is heavily wounded. (16/28) HP You hit the orc warrior but do no damage.
Lightning courses through the orc warrior (7)!
The orc warrior is severely wounded. (9/28) HP The orc warrior hits you with a +0 glaive (14)!
The orc warrior hits you but does no damage.
You hit the orc warrior but do no damage.
The orc warrior is severely wounded. (9/28) HP You barely miss the orc warrior.
The orc warrior is severely wounded. (9/28) HP The orc warrior is struck by your spines.
The orc warrior hits you with a +0 glaive (22)!!
* * * LOW HITPOINT WARNING * * *
The orc warrior hits you with a +0 glaive (13)!
You die...

##..............#
................#
........#....=.[#
...#.%##..####### #.
##.. #..########
#..####..# #.[[......#
.........###....?....#
#...>[.#..........#
#..#....@...........#
##.##.o..........# ##
##[$.........#
#..########### ....#
.....# ........
........ .......


You could see an orc warrior.

Vanquished Creatures
  A porcupine (D:3)
  2 crocodiles (D:2)
  Blork the orc (D:3)
  2 bullfrogs
  A scorpion (D:4)
  A hound (D:3)
  An iguana (D:3)
  3 orc wizards
  A bullfrog skeleton (D:4)
  A shadow imp (D:4)
  4 adders
  38 sewer rats (D:2)
  5 worms
  8 cinder newts
  A hound skeleton (D:3)
  2 howler monkey skeletons (D:3)
  An ooze (D:2)
  4 leopard geckos
  11 orcs
  An adder skeleton (D:2)
  A ball python (D:2)
  3 bats
  4 giant cockroaches
  A goblin (D:1)
  A hobgoblin (D:1)
  4 quokkas (D:3)
  A bat skeleton (D:2)
  A goblin skeleton (D:2)
  2 kobolds (D:1)
  A quokka skeleton (D:2)
  A withered plant (D:2)
109 creatures vanquished.

Vanquished Creatures (others)
  23 withered plants (D:2)
23 creatures vanquished.

Grand Total: 132 creatures vanquished

Notes
Turn   | Place    | Note
-------+----------+-------------------------------------------
     0 | D:1      | Lanoc the Hill Orc Demonspawn began the quest for the Orb.
     0 | D:1      | Reached XP level 1. HP: 18/18 MP: 3/3
    34 | D:1      | Reached skill level 3 in Axes & Hammers
    34 | D:1      | Gained mutation: You are partially covered in sharp spines.
                  | [demonic ancestry]
    34 | D:1      | Reached XP level 2. HP: 17/25 MP: 4/4
   229 | D:2      | Reached skill level 1 in Armour
   229 | D:2      | Reached XP level 3. HP: 19/30 MP: 5/5
   301 | D:2      | Gained mutation: You are partially covered in thin metallic
                  | scales. (AC +2) [demonic ancestry]
   301 | D:2      | Reached XP level 4. HP: 18/38 MP: 4/6
   307 | D:2      | Reached skill level 4 in Axes & Hammers
   327 | D:2      | Reached XP level 5. HP: 27/45 MP: 0/7
   461 | D:2      | Reached skill level 5 in Axes & Hammers
   465 | D:2      | Gained mutation: You have a pair of small horns on your
                  | head. [demonic ancestry]
   465 | D:2      | Reached XP level 6. HP: 24/52 MP: 2/8
   473 | D:2      | HP: 2/52 [sewer rat (6)]
   659 | D:2      | Reached XP level 7. HP: 53/59 MP: 0/9
   671 | D:2      | Reached skill level 6 in Axes & Hammers
  1035 | D:3      | Noticed Blork the orc
  1040 | D:3      | Killed Blork the orc
  1057 | D:3      | Reached skill level 7 in Axes & Hammers
  1262 | D:3      | Reached XP level 8. HP: 67/67 MP: 10/10
  1346 | D:3      | Reached skill level 5 in Fighting
  1555 | D:4      | Found a staircase to the Ecumenical Temple.
  1565 | Temple   | Entered the Ecumenical Temple
  1765 | D:4      | Slain by an orc warrior

Levels and vault maps discovered:
D:1:      roderic_crop_circles_arrival_small, layout_basic, minmay_rat_hole
D:2:      layout_sewer, lemuel_crystal_altar
D:3:      layout_loops_ring, first_ration, uniq_blork_the_orc
D:4:      layout_long_grid, minmay_temple_entry_wispy,
          nicolae_ossuary_entry_giza
Temple:   dpeg_chambers_temple

Skill      XL: |  1  2  3  4  5  6  7  8 |
---------------+-------------------------+-----
Axes & Hammers | 3 4 5 7 |  7.9
Armour         | 1 2 3 4 |  4.1
Fighting       | 3 4 5 |  5.4
Dodging        | 3 4 |  4.1
Stealth        | |  1.5
Spellcasting   | |  1.5
Invocations    | |  3.6

Action                   |  1- 3 |  4- 6 |  7- 9 || total
-------------------------+-------+-------+-------++-------
Melee: War axe           |    60 |    35 |    70 ||   165
       Unarmed           |    49 |    25 |    19 ||    93
       Headbutt          |       |     1 |    12 ||    13
       Whip              |       |       |    41 ||    41
 Cast: Flame Tongue      |     2 |    24 |    16 ||    42
 Stab: Sleeping          |       |       |     3 ||     3
  Eat: Chunk             |       |       |     5 ||     5
Armor: Leather armour    |     4 |    10 |    22 ||    36
Dodge: Dodged            |    19 |    54 |    60 ||   133
